 Dungeon Sprint DCSS version 0.30-a0-1124-g6e8f0f562f (webtiles) character file.

Game seed: 1728629185122323667

700000 PLAYERX the Severer (level 12, -7/80 HPs)
             Began as a Gargoyle Gladiator on Apr 23, 2023.
             Was a Follower of Makhleb.
             Mangled by a meat berserker
             ... wielding a +9 battleaxe
              (51 damage)
             ... in the Dungeon (Sprint VIII: "Arena of Blood").
             The game lasted 00:00:30 (7 turns).

PLAYERX the Severer (Gargoyle Gladiator)               Turns: 7, Time: 00:00:30

Health: -7/80      AC: 12    Str: 24    XL:     12   Next: 8%
Magic:  12/12      EV: 17    Int:  8    God:    Makhleb [*.....]
Gold:   0          SH:  0    Dex: 11    Spells: 11/11 levels left

rFire   . . .        l - +∞ Axe of Woe
rCold   . . .        (shield currently unavailable)
rNeg    + . .        b - +0 leather armour
rPois   ∞            c - +0 helmet
rElec   +            (no cloak)
rCorr   .            (no gloves)
SInv    .            (no boots)
Will    .....        (no amulet)
Stlth   +            (no ring)
HPRegen 0.33/turn    (no ring)
MPRegen 0.13/turn

%: no teleportation
@: no status effects
A: sickness immunity, AC +8, negative energy resistance 1, electricity
resistance, torment resistance 1, petrification resistance
a: Renounce Religion


You were in the Dungeon.
You worshipped Makhleb.
Makhleb was aware of your devotion.
You visited 1 branch

Inventory:

Hand Weapons
 a - a +0 war axe
 l - the +∞ Axe of Woe (weapon)
   (You found it in the Dungeon)
Missiles
 d - 3 throwing nets (quivered)
 e - a javelin
Armour
 b - a +0 leather armour (worn)
 c - a +0 helmet (worn)
Scrolls
 k - a scroll of blinking
Potions
 f - a potion of curing
 g - a potion of heal wounds
 h - a potion of haste
 i - 2 potions of magic
 j - a potion of berserk rage


   Skills:
 + Level 11.4 Fighting
 + Level 17.8 Axes
 + Level 9.2 Throwing
 + Level 15.8 Dodging


You had 11 spell levels left.
You didn't know any spells.
Your spell library was empty.

Dungeon Overview and Level Annotations

Branches:
Dungeon (1/1)

Altars:
Makhleb


Innate Abilities, Weirdness & Mutations

You are immune to sickness and miasma.
Your stone body is resilient. (AC +8)
You are immune to poison.
You resist negative energy. (rN+)
You are resistant to electric shocks. (rElec)
You are resistant to unholy torment.
You are immune to petrification.


Message History

A bag of meat comes into view. It is wielding a +9 war axe.
You hear a shout! x4
Your Fighting skill gained 9 levels and is now at level 11!
Your Axes skill gained 15 levels and is now at level 17!
Your Throwing skill gained 8 levels and is now at level 9!
Your Dodging skill gained 13 levels and is now at level 15!
You have reached level 2!
You have reached level 3!
Your experience leads to an increase in your attributes!
Increase (S)trength, (I)ntelligence, or (D)exterity?
You feel stronger. x2
You have reached level 4!
You feel stronger.
You have reached level 5!
You have reached level 6!
You have reached level 7!
You have reached level 8!
You feel stronger.
You have reached level 9!
Your experience leads to an increase in your attributes!
Increase (S)trength, (I)ntelligence, or (D)exterity?
You feel stronger. x2
You have reached level 10!
You have reached level 11!
You have reached level 12!
You feel stronger.
You hear a shout! x4
The meat berserker hits you with a +9 battleaxe!!!
Things that are here:
a +9 battleaxe; a +30 ring of slaying; a meat berserker corpse You slash the meat berserker!
You chop the meat berserker into pieces.
You kill the meat berserker!
Makhleb accepts your kill.
You can now gain health from killing.
You hear a shout!
A meat berserker comes into view. It is wielding a +9 battleaxe.
You hear a shout! x2
The meat berserker hits you with a +9 battleaxe!!!
Ouch! That really hurt!
You die...

...... ..... ..
#.... .# .. #...
..# ...###...
..###.
........###......
#......O._......
#@)...# #_.<._#
#.....#
....._..o...
......###......
..###... ..###. .
#... ..# #..O .#
..... ..


You could see 2 meat berserkers and a bag of meat.

Vanquished Creatures
  2 ogres (D)
2 creatures vanquished.

Notes
Turn   | Place    | Note
-------+----------+-------------------------------------------
     0 | D        | Found the +∞ Axe of Woe
     0 | D        | PLAYERX the Gargoyle Gladiator began the quest for the Orb.
     0 | D        | Reached XP level 1. HP: 12/12 MP: 1/1
     0 | D        | Noticed a meat berserker
     3 | D        | Noticed a meat berserker
     4 | D        | Became a worshipper of Makhleb the Destroyer
     4 | D        | Noticed a meat berserker
     5 | D        | Killed a meat berserker
     5 | D        | Noticed a bag of meat
     6 | D        | Reached skill level 17 in Axes
     6 | D        | Reached skill level 15 in Dodging
     6 | D        | Reached XP level 2. HP: 29/29 MP: 2/2
     6 | D        | Reached XP level 3. HP: 34/34 MP: 3/3
     6 | D        | Reached XP level 4. HP: 40/40 MP: 4/4
     6 | D        | Reached XP level 5. HP: 44/44 MP: 5/5
     6 | D        | Reached XP level 6. HP: 49/49 MP: 6/6
     6 | D        | Reached XP level 7. HP: 54/54 MP: 7/7
     6 | D        | Reached XP level 8. HP: 60/60 MP: 8/8
     6 | D        | Reached XP level 9. HP: 64/64 MP: 9/9
     6 | D        | Reached XP level 10. HP: 70/70 MP: 10/10
     6 | D        | Reached XP level 11. HP: 74/74 MP: 11/11
     6 | D        | Reached XP level 12. HP: 80/80 MP: 12/12
     7 | D        | Killed a meat berserker
     7 | D        | Reached * piety under Makhleb
     7 | D        | Noticed a meat berserker
     7 | D        | Mangled by a meat berserker

Illustrated notes

Levels and vault maps discovered:
D:        meatsprint

Skill      XL: |  1 |
---------------+----+-----
Fighting       | 11 | 11.4
Axes           | 17 | 17.8
Throwing       | 9 |  9.2
Dodging        | 15 | 15.8

Action                     |  1- 3 |  4- 6 |  7- 9 | 10-12 || total
---------------------------+-------+-------+-------+-------++-------
  Melee: Executioner's axe |     1 |       |       |     1 ||     2

Table legend: (Time is in decaauts)
 A = Elapsed time spent in this place.
 B = Non-inter-level travel time spent in this place.
 C = Inter-level travel time spent in this place.
 D = Time resting spent in this place.
 E = Time spent auto-exploring this place.
 F = Levels seen in this place.
 G = Mean time per level.
                   A        B        C        D        E       F      G
               +--------+--------+--------+--------+--------+-----+--------+
         Total |      7 |      7 |      0 |      0 |      0 |   1 |    7.0 |
       Dungeon |      7 |      7 |      0 |      0 |      0 |   1 |    7.0 |
               +--------+--------+--------+--------+--------+-----+--------+

Top non-repeatable levels by time:
       D: 7 daAuts
